Map: Orbital Shipyard

Players

Dayshi

  • Race: Terran Terran
  • League: Grandmaster

MinChul (MC) - Winner!

  • Race: Protoss Protoss

Event: Homestory Cup XII

VOD

Have the link to the VOD?

Description

Time

  • Played on: Dec. 19, 2015, 5:22 p.m.
  • Length: 13:14

All games in this series

Show
View Real Time Build Order
Export as new Build Order

Dayshi Terran 

Build Orders: Command Center First (CC), MMM Bio 

Get SALT Encoding   

  12  0:00  SCV  
  13  0:13  SCV  
  14  0:17  Supply Depot  
  14  0:25  SCV  
  15  0:39  SCV  
  16  0:51  SCV  
  17  0:59  Command Center  
  17  1:03  SCV  
  18  1:13  Barracks  
  18  1:16  SCV  
  19  1:27  Barracks  
  19  1:29  SCV  
  20  1:41  SCV  
  20  1:43  Barracks  
  21  2:01  Marine, Orbital Command  
  21  2:07  Refinery  
  22  2:10  Orbital Command  
  22  2:14  Marine  
  23  2:19  Marine  
  23  2:22  Supply Depot  
  24  2:27  SCV  
  25  2:32  Marine  
  25  2:33  Marine  
  27  2:38  Marine  
  27  2:39  SCV  
  27  2:43  SCV, Refinery  
  30  2:51  SCV, Barracks Tech Lab, Marine  
  30  2:55  SCV  
  30  2:56  Marine  
  34  3:03  SCV  
  35  3:09  Marine  
  35  3:10  SCV  
  35  3:12  Combat Shields  
  37  3:14  Marine  
  37  3:15  SCV, Marine  
  40  3:22  SCV  
  40  3:24  Supply Depot  
  41  3:27  Marine  
  41  3:29  SCV  
  41  3:32  Marine  
  41  3:34  SCV, Marine  
  45  3:36  Factory  
  46  3:45  Supply Depot, Marine  
  46  3:46  SCV x2  
  49  3:50  Marine  
  49  3:52  Marine  
  50  3:58  SCV  
  50  4:00  SCV  
  51  4:03  Marine  
  51  4:08  Marine  
  51  4:09  Marine  
  52  4:10  SCV  
  52  4:12  Supply Depot, SCV  
  53  4:19  Engineering Bay  
  53  4:20  Supply Depot  
  53  4:21  Refinery  
  53  4:22  SCV  
  55  4:25  Marine  
  55  4:27  Barracks Reactor, Starport, Factory Reactor  
  55  4:33  SCV  
  55  4:35  Stimpack  
  55  4:38  SCV  
  57  4:42  Marine  
  57  4:45  SCV  
  59  4:48  Barracks Tech Lab  
  59  4:51  Command Center  
  59  4:53  SCV  
  59  4:56  Terran Infantry Weapons Level 1  
  60  5:03  Supply Depot, Refinery  
  60  5:07  SCV x2  
  60  5:10  Factory Reactor  
  60  5:11  Medivac  
  60  5:12  Marine x2  
  67  5:15  Marine x2  
  67  5:20  Barracks  
  68  5:22  Barracks  
  68  5:23  SCV  
  68  5:26  SCV  
  70  5:29  Medivac  
  70  5:32  Marine x2  
  70  5:35  Marauder  
  76  5:37  Marauder  
  76  5:38  Concussive Shells  
  78  5:42  Supply Depot  
  78  5:44  Liberator, Medivac  
  80  5:50  Missile Turret  
  80  5:52  Missile Turret  
  80  5:54  SCV  
  80  5:55  SCV  
  82  5:58  Missile Turret  
  82  6:00  Missile Turret  
  85  6:06  Orbital Command  
  85  6:09  SCV x2  
  87  6:13  Barracks Reactor, Barracks Tech Lab, Marine  
  87  6:17  Widow Mine x2  
  92  6:24  Supply Depot, Marauder  
  94  6:27  Orbital Command  
  94  6:29  Marauder  
  94  6:32  Marauder  
  98  6:34  Marine x2  
  100  6:41  Armory  
  100  6:43  SCV x2, Engineering Bay  
  102  6:49  Marauder  
  102  6:50  Terran Infantry Armor Level 1  
  102  6:53  SCV  
  105  6:55  SCV x2  
  105  7:00  Marine x4  
  105  7:01  Marauder  
  113  7:05  SCV  
  109  7:14  Marine  
  109  7:15  SCV x2, Marauder  
  107  7:18  Marine  
  107  7:19  Marine  
  107  7:22  Marauder  
  100  7:23  Widow Mine, Marine x2  
  100  7:24  Widow Mine  
  100  7:29  SCV  
  97  7:33  Marauder  
  97  7:34  SCV  
  97  7:36  Marauder, Marine  
  90  7:37  Marine  
  90  7:38  Liberator  
  90  7:39  SCV  
  90  7:40  Liberator, Marine x2  
  90  7:43  SCV  
  90  7:44  Marine  
  92  7:46  SCV  
  92  7:48  Terran Infantry Weapons Level 2  
  94  7:51  SCV  
  98  8:03  Marauder, Marine  
  93  8:09  SCV x3  
  93  8:12  Marauder, Marine  
  97  8:16  Marine, Marauder  
  97  8:19  Missile Turret  
  96  8:20  Marine  
  96  8:21  Marine  
  96  8:25  Marauder  
  97  8:30  Marine  
  98  8:34  Marine, Marauder  
  98  8:37  Marine  
  98  8:38  Marine, Marauder  
  94  8:46  Marine  
  94  8:48  Marine  
  88  8:49  Widow Mine  
  88  8:52  Marine  
  78  8:55  Marine, Widow Mine, Marauder  
  78  8:56  Marine  
  78  8:59  Marauder  
  84  9:04  Marauder  
  84  9:05  Marine  
  83  9:10  Marine  
  83  9:13  Marine  
  83  9:14  Marine  
  83  9:17  Marauder  
  82  9:18  SCV x2, Widow Mine  
  82  9:19  SCV  
  82  9:20  Marauder  
  82  9:23  Marine  
  72  9:25  Marauder  
  72  9:28  Marine  
  72  9:30  SCV  
  72  9:31  Marine  
  70  9:32  Marine  
  70  9:33  SCV x2  
  70  9:38  Marauder  
  76  9:42  Marauder  
  76  9:43  SCV  
  76  9:45  SCV x2  
  81  9:47  Marauder  
  81  9:48  Missile Turret  
  83  9:55  SCV  
  83  9:57  SCV x2, Marine  
  85  10:07  SCV, Terran Infantry Weapons Level 3  
  85  10:10  SCV x2, Liberator  
  85  10:11  Refinery x2, Marine  
  89  10:14  Marauder  
  89  10:17  Marauder  
  89  10:18  Marine  
  89  10:19  Marine  
  89  10:20  Marine  
  96  10:22  Marine  
  96  10:27  SCV  
  101  10:32  Supply Depot  
  101  10:34  SCV  
  101  10:36  Marauder  
  101  10:38  SCV  
  102  10:44  SCV  
  102  10:46  SCV  
  102  10:47  Widow Mine x2  
  107  10:50  SCV  
  107  10:53  Supply Depot  
  107  10:56  SCV  
  109  10:58  Supply Depot, Liberator  
  109  11:08  Marauder  
  109  11:09  Marine  
  109  11:10  Marine  
  109  11:14  Supply Depot  
  111  11:18  Marine x3  
  111  11:19  Marauder  
  111  11:24  SCV  
  118  11:26  SCV, Marine  
  118  11:29  Marauder  
  118  11:32  Marine  
  122  11:37  Marine x2, Marauder  
  126  11:40  Marauder  
  126  11:45  Medivac  
  130  11:48  Orbital Command, Marine  
  130  11:50  Marauder  
  130  11:52  Marine  
  130  11:55  Marine x2  
  130  11:58  Marauder, Medivac  
  130  11:59  Supply Depot  
  136  12:01  Marauder  
  136  12:06  Marine  
  139  12:09  Marine  
  139  12:11  Marine  
  139  12:15  Marine  
  137  12:19  Marine  
  137  12:20  Marauder  
  137  12:22  Medivac  
  120  12:23  Marauder  
  120  12:24  Marine  
  120  12:27  Marine  
  120  12:28  Medivac  
  120  12:29  Marine  
  105  12:33  Marine  
  98  12:37  Marine  
  98  12:41  Marine, Marauder  
  91  12:44  Marauder  
  91  12:45  Marine  
  91  12:47  Marauder  
Show
View Real Time Build Order
Export as new Build Order

MinChul Protoss - Winner!

Build Orders: 1 Gate Expand 

Get SALT Encoding   

  12  0:00  Probe (Chrono Boost)  
  13  0:11  Probe (Chrono Boost)  
  14  0:17  Pylon  
  14  0:22  Probe (Chrono Boost)  
  16  0:35  Probe (Chrono Boost), Gateway  
  16  0:46  Probe (Chrono Boost), Assimilator  
  17  0:56  Probe (Chrono Boost)  
  18  1:07  Probe (Chrono Boost)  
  19  1:22  Nexus  
  19  1:32  Cybernetics Core  
  19  1:36  Probe (Chrono Boost)  
  20  1:46  Probe (Chrono Boost)  
  21  1:47  Assimilator  
  21  1:53  Pylon  
  21  1:57  Probe (Chrono Boost)  
  22  2:07  Probe (Chrono Boost)  
  23  2:09  Warp Gate  
  23  2:11  Stalker (Chrono Boost)  
  25  2:19  Probe  
  26  2:31  Mothership Core (Chrono Boost)  
  26  2:34  Probe (Chrono Boost)  
  29  2:38  Stalker  
  31  2:44  Probe (Chrono Boost)  
  31  2:50  Probe (Chrono Boost)  
  33  2:54  Twilight Council  
  33  2:55  Probe (Chrono Boost)  
  34  3:00  Probe (Chrono Boost)  
  36  3:05  Probe (Chrono Boost), Pylon  
  36  3:08  Stalker  
  36  3:11  Probe (Chrono Boost)  
  39  3:16  Probe (Chrono Boost)  
  40  3:20  Pylon  
  40  3:22  Probe (Chrono Boost)  
  40  3:26  Probe (Chrono Boost)  
  42  3:31  Resonating Glaives  
  42  3:32  Probe (Chrono Boost)  
  43  3:37  Probe (Chrono Boost)  
  44  3:43  Probe (Chrono Boost)  
  44  3:48  Probe (Chrono Boost)  
  46  3:53  Probe (Chrono Boost)  
  47  3:58  Probe (Chrono Boost)  
  47  4:01  Nexus  
  48  4:02  Pylon  
  48  4:04  Probe (Chrono Boost)  
  48  4:10  Probe (Chrono Boost)  
  48  4:15  Mothership Core (Chrono Boost)  
  50  4:17  Pylon  
  50  4:20  Sentry, Probe (Chrono Boost)  
  50  4:24  Pylon  
  53  4:25  Pylon  
  53  4:26  Robotics Facility  
  53  4:30  Assimilator  
  53  4:31  Assimilator  
  53  4:33  Probe x2 (Chrono Boost)  
  55  4:40  Pylon  
  55  4:43  Probe x2 (Chrono Boost)  
  57  4:46  Sentry  
  57  4:50  Gateway  
  59  4:53  Gateway  
  59  4:54  Probe (Chrono Boost)  
  59  4:55  Gateway  
  59  4:58  Pylon  
  60  5:00  Probe (Chrono Boost)  
  60  5:01  Blink  
  60  5:04  Probe (Chrono Boost)  
  62  5:10  Sentry, Probe (Chrono Boost)  
  62  5:14  Observer (Chrono Boost)  
  66  5:15  Probe  
  66  5:16  Probe  
  68  5:22  Probe  
  68  5:26  Probe, Pylon  
  68  5:27  Probe  
  71  5:33  Observer (Chrono Boost)  
  71  5:34  Probe, Adept  
  75  5:37  Probe  
  75  5:39  Probe  
  77  5:46  Gateway, Probe  
  77  5:47  Gateway  
  77  5:48  Probe  
  79  5:50  Gateway  
  79  5:51  Probe  
  79  5:53  Gateway  
  79  5:54  Pylon  
  79  5:56  Warp Prism (Chrono Boost)  
  82  6:04  Adept x3  
  82  6:05  Adept  
  82  6:10  Pylon  
  90  6:12  Probe, Pylon  
  90  6:13  Probe x2  
  93  6:22  Assimilator x2  
  93  6:24  Pylon  
  93  6:25  Probe  
  94  6:28  Observer (Chrono Boost)  
  94  6:30  Adept x4  
  103  6:43  Stalker x2  
  107  6:48  Stalker x2  
  107  6:51  Stalker  
  107  6:52  Stalker x3  
  119  6:56  Observer (Chrono Boost), Forge  
  120  7:09  Adept x2  
  109  7:17  Stalker  
  101  7:29  Adept x7  
  113  7:35  Probe  
  113  7:36  Probe x2  
  110  7:43  Pylon  
  106  7:45  Pylon  
  106  7:49  Mothership Core  
  102  7:54  Adept x8  
  110  8:18  Stalker x8  
  122  8:21  Immortal (Chrono Boost), Protoss Ground Armor Level 1 (Chrono Boost)  
  114  8:45  Adept x8  
  108  9:06  Stalker x8  
  105  9:23  Warp Prism (Chrono Boost)  
  81  9:34  Stalker x8  
  97  9:49  Templar Archives  
  97  9:58  Nexus  
  93  10:00  Adept x4  
  93  10:01  Sentry  
  93  10:02  Sentry, Protoss Ground Weapons Level 1 (Chrono Boost)  
  108  10:11  Pylon x2  
  108  10:14  Psionic Storm  
  108  10:15  Observer  
  108  10:21  Photon Cannon  
  105  10:26  High Templar x2  
  105  10:27  Probe  
  110  10:31  High Templar  
  110  10:33  Observer  
  112  10:36  Adept x3  
  119  10:47  Adept, High Templar  
  119  10:49  Photon Cannon  
  123  10:51  Photon Cannon  
  123  10:52  Observer, Pylon  
  123  10:53  Pylon  
  124  10:58  Adept x3  
  124  11:01  Adept x2  
  126  11:12  Immortal  
  126  11:18  Probe  
  128  11:19  Probe x3  
  128  11:21  Assimilator  
  128  11:24  High Templar x2  
  128  11:25  Assimilator  
  136  11:27  Pylon  
  136  11:32  Adept x2  
  136  11:33  Adept x3  
  136  11:38  Probe  
  136  11:39  Adept  
  148  11:40  Probe x3  
  152  11:52  Probe  
  147  12:01  Adept x4  
  147  12:02  Adept  
  145  12:23  Adept x4  
  145  12:24  Archon x2  
  149  12:31  Adept x4  
  145  12:47  High Templar  
  145  12:48  Probe, High Templar x3  
  145  12:49  Probe x3  
  145  13:06  Archon  
  145  13:08  Adept x4  
Tags
 
Add a new tag
Caveats
  • Supply blocks, unpowered buildings, or Contaminate may cause inaccurate times.
  • Supply counts are checked every 10 seconds.